 Dungeon Crawl Stone Soup version 0.27-a0-1416-g941b2bd30b (webtiles) character file.

Game seed: 2425610181821224103

114 Tocho the Ruffian (level 4, -2/35 HPs)
             Began as a Draconian Transmuter on July 1, 2021.
             Killed by divine providence
             ... invoked by an orc priest
              (14 damage)
             ... on level 3 of the Dungeon.
             The game lasted 00:05:06 (2968 turns).

Tocho the Ruffian (Draconian Transmuter)            Turns: 2968, Time: 00:05:07

Health: -2/35      AC:  5    Str: 13    XL:     4   Next: 67%
Magic:  7/7        EV: 12    Int: 14    God:
Gold:   135        SH:  0    Dex: 11    Spells: 1/8 levels left

rFire    . . .     SeeInvis .     - Unarmed
rCold    . . .     Faith    .   (no shield)
rNeg     . . .     Spirit   .   (armour unavailable)
rPois    +         Reflect  .   (helmet restricted)
rElec    .         Harm     .   (no cloak)
rCorr    .         Rampage  .   (no gloves)
Will     +....                  (no boots)
Stlth    +.........             (no amulet)
HPRegen  0.11/turn              a - ring of willpower
MPRegen  0.10/turn              i - ring of poison resistance

@: no status effects
A: AC +5, unfitting armour, cold-blooded
a: no special abilities


You were on level 3 of the Dungeon.
You visited 1 branch of the dungeon, and saw 3 of its levels.

You collected 135 gold pieces.

Inventory:

Armour
 k - a +0 buckler
Jewellery
 a - a ring of willpower (left hand)
 i - a ring of poison resistance (right hand)
Scrolls
 d - a scroll of torment {unknown}
 f - a scroll of identify {unknown}
 h - a scroll of summoning {unknown}
 j - a scroll of teleportation {unknown}
Potions
 b - a potion of curing {unknown}
 c - a potion of berserk rage {unknown}
 e - a potion of mutation {unknown}
 g - a potion of might {unknown}


   Skills:
 + Level 1.1 Fighting
 + Level 2.6 Dodging
 + Level 0.9 Stealth
 + Level 3.8 Unarmed Combat
 + Level 2.6 Spellcasting
 + Level 2.4 Transmutations
 + Level 0.9 Air Magic
 + Level 0.4 Poison Magic


You had one spell level left.
You knew the following spells:

 Your Spells              Type           Power      Damage    Failure   Level
a - Beastly Appendage     Tmut           16%        N/A       9%          1
b - Wereblood             Tmut           8%         N/A       12%         2
c - Poisonous Vapours     Pois/Air       6%         N/A       26%         2
d - Slow                  Hex            1%         N/A       34%         2

Your spell library contained the following spells:

 Spells                   Type           Power      Damage    Failure   Level
 Animate Skeleton         Necr           2%         N/A       22%         1
 Corona                   Hex            1%         N/A       22%         1
 Pain                     Necr           4%         1d4       22%         1
 Ensorcelled Hibernation  Hex/Ice        2%         N/A       34%         2
 Spider Form              Tmut/Pois      2%         N/A       36%         3
 Mephitic Cloud           Conj/Pois/Air  3%         N/A       50%         3
 Tukima's Dance           Hex            1%         N/A       56%         3
 Vampiric Draining        Necr           0%         2d6       56%         3
 Ice Form                 Ice/Tmut       5%         N/A       80%         4
 Petrify                  Tmut/Erth      5%         N/A       80%         4
 Animate Dead             Necr           0%         N/A       92%         4
 Summon Ice Beast         Ice/Summ       1%         N/A       92%         4
 Freezing Cloud           Conj/Ice/Air   1%         6-21      99%         5
 Summon Mana Viper        Hex/Summ       1%         N/A       99%         5
 Monstrous Menagerie      Summ           0%         N/A       100%        7


Dungeon Overview and Level Annotations

Branches:
Dungeon (3/15)

Altars:
Uskayaw


Innate Abilities, Weirdness & Mutations

Your plain brown scales are hard. (AC +5)
You cannot fit into any form of body armour.
You are cold-blooded and may be slowed by cold attacks.


Message History

You barely miss the orc. You tail-slap the orc.
The orc is moderately wounded.
The orc misses you. The orc closely misses you. x2
You closely miss the orc.
The orc is moderately wounded.
Your primal bloodlust is almost over.
The orc hits you with a +0 hand axe. The orc hits you with a +0 short sword.
The orc barely misses you.
You are too injured to fight recklessly!
You are too injured to fight recklessly!
You are too injured to fight recklessly!
You are too injured to fight recklessly!
You are too injured to fight recklessly!
You are too injured to fight recklessly!
You are too injured to fight recklessly!
You are too injured to fight recklessly!
You are too injured to fight recklessly!
You are too injured to fight recklessly!
You are too injured to fight recklessly!
You are too injured to fight recklessly!
You are too injured to fight recklessly!
You hear a shout!
An orc comes into view. It is wielding a +0 hand axe.
The orc shouts!
You closely miss the orc. You tail-slap the orc.
You feel a bit better.
You kill the orc!
You hit the orc.
The orc is heavily wounded.
The orc hits you with a +0 flail.
Your primal bloodlust has ended.
An orc comes into view. It is wielding a +0 short sword.
You hit the orc.
Your tail-slap misses the orc.
The orc is lightly wounded.
The orc hits you with a +0 short sword. The orc hits you with a +0 hand axe.
You punch the orc!
You kill the orc!
The orc completely misses you.
The orc priest invokes the aid of Beogh against you.
Beogh smites you!
You die...

# # ##############
###......[......
####.......######..
#..........# ##.# .
##.......# #...
....#####.......#####...
......S@oo..............
.o...####Oo.....##......
..... ##.......##.##...
#.#...##................
......)†................
......o)..............†)
...#.........#######....
..........##.# ##....
........####.# #.....


You could see an ogre, an orc priest, an adder and 3 orcs.

Vanquished Creatures
  5 gnolls
  An adder (D:2)
  2 dart slugs
  5 orcs (D:3)
  5 ball pythons
  2 endoplasms
  2 giant cockroaches
  4 goblins
  3 hobgoblins (D:1)
  2 jackals (D:1)
  5 quokkas
  2 bats (D:2)
  6 frilled lizards
  2 kobolds (D:2)
  2 rats
48 creatures vanquished.

Notes
Turn   | Place    | Note
-------+----------+-------------------------------------------
     0 | D:1      | Tocho the Draconian Transmuter began the quest for the Orb.
     0 | D:1      | Reached XP level 1. HP: 16/16 MP: 3/3
   448 | D:1      | Reached XP level 2. HP: 14/23 MP: 3/5
   451 | D:1      | Learned a level 2 spell: Wereblood
   454 | D:1      | Learned a level 2 spell: Poisonous Vapours
  1026 | D:1      | Reached XP level 3. HP: 13/28 MP: 0/6
  1518 | D:1      | Found a faded altar of an unknown god.
  1660 | D:2      | Reached XP level 4. HP: 12/35 MP: 3/7
  2176 | D:2      | Learned a level 2 spell: Slow
  2344 | D:2      | Found a hide-covered altar of Uskayaw.
  2951 | D:3      | Noticed an ogre
  2968 | D:3      | Killed from afar by an orc priest

Illustrated notes

Levels and vault maps discovered:
D:1:      minmay_arrival_split_and_join, layout_loops_ring,
          shapermc_ecumenical_altar_hornbeckon
D:2:      layout_loops_ring, basic_altar
D:3:      layout_rooms

Skill      XL: |  1 |
---------------+----+-----
Dodging        | 2 |  2.6
Fighting       | |  1.1
Stealth        | |  0.9
Unarmed Combat | |  3.8
Spellcasting   | |  2.6
Transmutations | |  2.4
Air Magic      | |  0.9
Poison Magic   | |  0.4

Action                   |  1- 3 |  4- 6 || total
-------------------------+-------+-------++-------
Melee: Unarmed           |    98 |    72 ||   170
       Tailslap          |    12 |     5 ||    17
       Kick              |     9 |     4 ||    13
       Headbutt          |     5 |     3 ||     8
       Punch             |     1 |       ||     1
 Cast: Beastly Appendage |     9 |     5 ||    14
       Wereblood         |     7 |     7 ||    14
       Poisonous Vapours |     2 |     4 ||     6
 Stab: Sleeping          |     1 |     1 ||     2
Armor: Skin              |    27 |    32 ||    59
Dodge: Dodged            |    71 |    48 ||   119

Table legend: (Time is in decaauts)
 A = Elapsed time spent in this place.
 B = Non-inter-level travel time spent in this place.
 C = Inter-level travel time spent in this place.
 D = Time resting spent in this place.
 E = Time spent auto-exploring this place.
 F = Levels seen in this place.
 G = Mean time per level.
                   A        B        C        D        E       F      G
               +--------+--------+--------+--------+--------+-----+--------+
         Total |   2964 |   2896 |     68 |    349 |   2161 |   3 |  988.0 |
       Dungeon |   2964 |   2896 |     68 |    349 |   2161 |   3 |  988.0 |
               +--------+--------+--------+--------+--------+-----+--------+

Top non-repeatable levels by time:
     D:1: 1584 daAuts
     D:2: 1183 daAuts
     D:3: 196 daAuts
